 Dungeon Crawl Stone Soup version 0.27.1-1-g398f81649c (webtiles) character file.

Game seed: 201519875310371571

98 Metae the Sneak (level 4, 0/38 HPs)
             Began as a Gnoll Wanderer on Sept 11, 2021.
             Was an Initiate of Qazlal.
             Slain by a phantom (9 damage)
             ... on level 3 of the Dungeon.
             The game lasted 00:09:06 (3593 turns).

Metae the Sneak (Gnoll Wanderer)                    Turns: 3593, Time: 00:09:23

Health: 0/38       AC:  2    Str: 13    XL:     4   Next: 69%
Magic:  5/5        EV: 14    Int: 11    God:    Qazlal [......]
Gold:   109        SH:  0    Dex: 17    Spells: 5/5 levels left

rFire    . . .     SeeInvis .   k - +3 dagger
rCold    . . .     Faith    .   (no shield)
rNeg     . . .     Spirit   .   e - +0 robe
rPois    .         Reflect  .   (no helmet)
rElec    .         Harm     .   (no cloak)
rCorr    .         Rampage  .   (no gloves)
Will     +....                  (no boots)
Stlth    ++++......             (no amulet)
HPRegen  0.12/turn              g - ring of willpower
MPRegen  0.09/turn              o - +6 ring of dexterity

@: no status effects
A: fangs 1, strong nose, distributed training
a: Renounce Religion


You were on level 3 of the Dungeon.
You worshipped Qazlal.
Qazlal was noncommittal.
You visited 1 branch of the dungeon, and saw 4 of its levels.

You collected 109 gold pieces.

Inventory:

Hand Weapons
 a - a +2 dagger
 c - a +0 falchion
 k - a +3 dagger (weapon)
Missiles
 f - 43 sling bullets
 h - 46 stones (quivered)
Armour
 e - a +0 robe (worn)
Jewellery
 g - a ring of willpower (left hand)
 o - a +6 ring of dexterity (right hand)
Wands
 q - a wand of flame (13)
Scrolls
 b - a scroll of fear
 i - a scroll of silence {unknown}
 l - 3 scrolls of identify
 n - a scroll of magic mapping {unknown}
Potions
 d - a potion of curing
 m - a potion of lignification {unknown}
 p - a potion of berserk rage {unknown}


   Skills:
 + Level 4.7 Fighting
 + Level 1.2 Short Blades
 + Level 1.2 Long Blades
 + Level 1.2 Axes
 + Level 1.2 Maces & Flails
 + Level 2.8 Polearms
 + Level 1.2 Staves
 + Level 1.2 Slings
 + Level 1.2 Bows
 + Level 1.2 Crossbows
 + Level 1.2 Throwing
 + Level 1.2 Armour
 + Level 4.7 Dodging
 + Level 7.8 Stealth
 + Level 2.8 Shields
 + Level 1.2 Unarmed Combat
 + Level 1.2 Spellcasting
 + Level 1.0 Conjurations
 + Level 1.0 Hexes
 + Level 1.0 Summonings
 + Level 1.0 Necromancy
 + Level 1.0 Translocations
 + Level 1.0 Transmutations
 + Level 1.0 Fire Magic
 + Level 1.0 Ice Magic
 + Level 1.0 Air Magic
 + Level 1.0 Earth Magic
 + Level 1.0 Poison Magic
 + Level 1.3 Invocations
 + Level 1.2 Evocations


You had 5 spell levels left.
You didn't know any spells.
Your spell library contained the following spells:

 Spells                   Type           Power      Damage    Failure   Level
 Ensorcelled Hibernation  Hex/Ice        4%         N/A       30%         2
 Spider Form              Tmut/Pois      1%         N/A       52%         3
 Shadow Creatures         Summ           N/A        N/A       100%        6


Dungeon Overview and Level Annotations

Branches:
Dungeon (4/15)
 Temple: D:4-7

Altars:
Fedhas
Qazlal
Wu Jian

Shops:
D:3 *


Innate Abilities, Weirdness & Mutations

You have very sharp teeth.
Your uncanny sense of smell can sniff out nearby items.
Your experience applies equally to all skills.


Message History

The phantom completely misses you.
You closely miss the phantom.
The phantom is moderately damaged.
The phantom hits you!
* * * LOW HITPOINT WARNING * * *
You feel better. The phantom closely misses you.
You closely miss the phantom. You bite the phantom, but do no damage.
The phantom is moderately damaged.
The phantom closely misses you.
You hit the phantom but do no damage.
The phantom is moderately damaged.
The phantom barely misses you.
You hit the phantom but do no damage. You bite the phantom, but do no damage.
The phantom is moderately damaged.
The phantom hits you.
You hit the phantom.
The phantom is heavily damaged.
The phantom hits you!
* * * LOW HITPOINT WARNING * * *
The phantom blinks!
You blink.
Okay, then.
Aiming: Throw Flame
Press: ? - help, Shift-Dir - straight line, f - phantom
Aim: a phantom (heavily damaged, 56% to hit)
The puff of flame hits the phantom.
The phantom is severely damaged.
The phantom barely misses you.
Hit: k) +3 dagger
Press: ? - help, Dir - move target, f/p - phantom
Aim: a phantom (severely damaged, about 39% to evade your +3 dagger)
You barely miss the phantom.
The phantom is severely damaged.
The phantom barely misses you.
Aiming: Throw Flame
Press: ? - help, Shift-Dir - straight line, f/p - phantom
Aim: a phantom (severely damaged, 56% to hit)
The puff of flame hits the phantom.
The phantom is almost destroyed.
The phantom hits you!
You die...

#.#.#.##.#........# #.#
#.#.#.##..........# #.#
#.#.#.####.#.###.## #.#
#.#.#.####.#...#.# #.#
#.#.#.#<.....#.#.# #########
....#.########.#.# #.......#
....#.# #...#.# #.P._.P.###
......# #.#.#.# #.P...P.#..
#'##########§###@# #.PPPPP.#..
'.........).§..W.# #.......#..
#.###########.###########'''###..
#...(....................[....'..
#############..##########.#####..
##.###.....##.# #..
######..##.....##.#######
####........'...............
#....#####.##.....##.#######


You could see a phantom.

Vanquished Creatures
  An iguana (D:3)
  A gnoll (D:3)
  An adder (D:3)
  A worm (D:3)
  A dart slug (D:3)
  9 endoplasms
  A giant cockroach (D:4)
  3 goblins
  2 hobgoblins
  7 kobolds
  3 quokkas
  5 ball pythons
  5 bats
  3 frilled lizards
  4 rats
47 creatures vanquished.

Notes
Turn   | Place    | Note
-------+----------+-------------------------------------------
     0 | D:1      | Metae the Gnoll Wanderer began the quest for the Orb.
     0 | D:1      | Metae set off with the following items: a +2 dagger, a
                  | scroll of fear, a +0 falchion, a potion of curing, a +0
                  | robe
     0 | D:1      | Reached XP level 1. HP: 20/20 MP: 1/1
   491 | D:1      | Reached XP level 2. HP: 26/26 MP: 2/2
  1808 | D:2      | Reached XP level 3. HP: 31/31 MP: 3/3
  2016 | D:2      | Found a faded altar of an unknown god.
  2338 | D:3      | Reached skill level 1 in Invocations
  2456 | D:3      | Found Acleug's Assorted Antiques.
  2476 | D:3      | Noticed a water elemental
  2479 | D:3      | Found a stormy altar of Qazlal.
  2481 | D:3      | Noticed an earth elemental
  2482 | D:3      | Noticed a fire elemental
  2482 | D:3      | Noticed an air elemental
  2487 | D:3      | Became a worshipper of Qazlal Stormbringer
  2681 | D:3      | Found an ornate altar of the Wu Jian Council.
  2688 | D:3      | Noticed a spectral centipede
  2688 | D:3      | Noticed a spectral black mamba
  2688 | D:3      | Noticed a spectral scorpion
  2688 | D:3      | Noticed a spectral cane toad
  2800 | D:3      | Found a blossoming altar of Fedhas.
  2903 | D:3      | Reached skill level 1 in Short Blades
  2903 | D:3      | Reached skill level 1 in Long Blades
  2903 | D:3      | Reached skill level 1 in Axes
  2903 | D:3      | Reached skill level 1 in Maces & Flails
  2903 | D:3      | Reached skill level 1 in Staves
  2903 | D:3      | Reached skill level 1 in Slings
  2903 | D:3      | Reached skill level 1 in Bows
  2903 | D:3      | Reached skill level 1 in Crossbows
  2903 | D:3      | Reached skill level 1 in Throwing
  2903 | D:3      | Reached skill level 1 in Armour
  2903 | D:3      | Reached skill level 1 in Unarmed Combat
  2903 | D:3      | Reached skill level 1 in Spellcasting
  2903 | D:3      | Reached skill level 1 in Evocations
  2941 | D:3      | Reached XP level 4. HP: 38/38 MP: 5/5
  3514 | D:4      | Reached skill level 1 in Conjurations
  3514 | D:4      | Reached skill level 1 in Hexes
  3514 | D:4      | Reached skill level 1 in Summonings
  3514 | D:4      | Reached skill level 1 in Necromancy
  3514 | D:4      | Reached skill level 1 in Translocations
  3514 | D:4      | Reached skill level 1 in Transmutations
  3514 | D:4      | Reached skill level 1 in Fire Magic
  3514 | D:4      | Reached skill level 1 in Ice Magic
  3514 | D:4      | Reached skill level 1 in Air Magic
  3514 | D:4      | Reached skill level 1 in Earth Magic
  3514 | D:4      | Reached skill level 1 in Poison Magic
  3535 | D:4      | Noticed a phantom
  3554 | D:4      | HP: 1/38 [gnoll (5)]
  3593 | D:3      | Slain by a phantom

Illustrated notes

Levels and vault maps discovered:
D:1:      kennysheep_arrival_forest, layout_basic, grunt_decor_resistance
D:2:      layout_basic, serial_rivers, chequers_serial_rivers_large_a,
          chequers_serial_rivers_micro_c, chequers_serial_rivers_micro_e,
          chequers_serial_rivers_small_b, chequers_serial_rivers_marsh,
          shapermc_ecumenical_altar_mp_vishouse
D:3:      layout_basic, pdpol_wu_jian_five_deadly_venoms,
          nicolae_qazlal_style_of_elements, mainiacjoe_overflow_alcove_4,
          serial_shops, shop, amcnicky_mini_corridor_feature,
          grunt_decor_one_mirror
D:4:      layout_rooms, hangedman_minor_gate_pass

Skill      XL: |  1  2  3  4 |
---------------+-------------+-----
Invocations    | 1 |  1.3
Short Blades   | 1 |  1.2
Long Blades    | 1 |  1.2
Axes           | 1 |  1.2
Maces & Flails | 1 |  1.2
Staves         | 1 |  1.2
Slings         | 1 |  1.2
Bows           | 1 |  1.2
Crossbows      | 1 |  1.2
Throwing       | 1 |  1.2
Armour         | 1 |  1.2
Unarmed Combat | 1 |  1.2
Spellcasting   | 1 |  1.2
Evocations     | 1 |  1.2
Conjurations   | 1 |  1.0
Hexes          | 1 |  1.0
Summonings     | 1 |  1.0
Necromancy     | 1 |  1.0
Translocations | 1 |  1.0
Transmutations | 1 |  1.0
Fire Magic     | 1 |  1.0
Ice Magic      | 1 |  1.0
Air Magic      | 1 |  1.0
Earth Magic    | 1 |  1.0
Poison Magic   | 1 |  1.0
Fighting       | |  4.7
Polearms       | |  2.8
Dodging        | |  4.7
Stealth        | |  7.8
Shields        | |  2.8

Action                   |  1- 3 |  4- 6 || total
-------------------------+-------+-------++-------
Melee: Dagger            |   100 |    41 ||   141
       Bite              |     6 |     5 ||    11
       Punch             |       |     1 ||     1
Evoke: Wand              |       |     2 ||     2
  Use: Scroll            |     2 |       ||     2
       Potion            |       |     2 ||     2
 Stab: Sleeping          |    17 |     1 ||    18
Armor: Robe              |    13 |     3 ||    16
Dodge: Dodged            |    51 |    38 ||    89
